 Dungeon Crawl Stone Soup version 0.17-a0-1504-gb7d9117 (webtiles) character file.

116 FakerFangirl the Firebug (level 5, -1/43 HPs)
             Began as a Naga Fire Elementalist on July 8, 2015.
             Killed by miscasting Conjure Flame (13 damage)
             ... on level 3 of the Dungeon.
             The game lasted 00:33:13 (2310 turns).

FakerFangirl the Firebug (Naga Fire Elementalist)   Turns: 2310, Time: 00:33:13

Health: -1/43      AC:  9    Str: 10    XL:     5   Next: 0%
Magic:  2/9        EV:  8    Int: 17    God:
Gold:   71         SH:  0    Dex: 11    Spells: 3 memorised, 3 levels left

rFire  . . .     SeeInvis +     g - +0 short sword (protect)
rCold  . . .     Clarity  .     e - +0 ring mail
rNeg   . . .     SustAt   .     (no shield)
rPois  +         Gourm    .     (no helmet)
rElec  .         Spirit   .     (no cloak)
rCorr  .         Warding  .     (no gloves)
rMut   .         Stasis   .     (no barding)
MR     .....                    (no amulet)
Stlth  ++........               (no ring)
                                (no ring)

@: very slightly contaminated, very slow, not resistant to hostile enchantments,
unstealthy
A: see invisible, deformed body, poison resistance, slowness 2, slow metabolism
1, spit poison 2, AC +1
a: Spit Poison


You were on level 3 of the Dungeon.
You were hungry.

You visited 1 branch of the dungeon, and saw 3 of its levels.

You collected 71 gold pieces.

Inventory:

Hand weapons
 c - a +0 spear
 g - a +0 short sword of protection (weapon)
 m - a +0 hunting sling
 s - a +0 quarterstaff
Missiles
 f - 30 sling bullets
 h - 43 stones (quivered)
 i - 17 arrows
 k - 5 needles of frenzy
 l - 8 silver tomahawks
 o - 21 poisoned needles
Armour
 a - a +0 robe
 e - a +0 ring mail (worn)
Scrolls
 d - a scroll of blinking {unknown}
 j - a scroll of remove curse {unknown}
 n - a scroll of identify {unknown}
 p - a scroll of amnesia {unknown}
 r - a scroll of fog {unknown}
Books
 b - a book of Flames

   Spells                             Type                      Level
   a - Flame Tongue                   Conjuration/Fire             1
   b - Throw Flame                    Conjuration/Fire             2
   c - Conjure Flame                  Conjuration/Fire             3
   d - Inner Flame                    Hexes/Fire                   3
   e - Sticky Flame                   Conjuration/Fire             4
   f - Fireball                       Conjuration/Fire             5


   Skills:
 + Level 0.4 Fighting
 + Level 1.0 Throwing
 + Level 0.5 Armour
 * Level 2.1 Dodging
 + Level 3.3 Stealth
 + Level 2.6 Spellcasting
 + Level 1.9 Conjurations
 + Level 3.7 Fire Magic


You had 3 spell levels left.
You knew the following spells:

 Your Spells              Type           Power        Failure   Level  Hunger
a - Flame Tongue          Conj/Fire      ##...        17%         1    #......
b - Throw Flame           Conj/Fire      ##....       28%         2    ##.....
c - Conjure Flame         Conj/Fire      ##......     56%         3    ###....


Dungeon Overview and Level Annotations

Branches:
Dungeon (3/15)

Altars:
Okawaru


Innate Abilities, Weirdness & Mutations

You cannot wear boots.
Your serpentine skin is tough (AC +1).
You have supernaturally acute eyesight.
Armour fits poorly on your strangely shaped body.
Your system is resistant to poisons.
You cover ground very slowly.
You have a slow metabolism.
You can spit poison.


Message History

The worm is lightly wounded.
Throwing (i - inventory. (,) - cycle):
h - 44 stones (quivered)
Press: ? - help, Shift-Dir - straight line, f/p - worm
Aim: a worm (lightly wounded)
You throw a stone. The stone barely misses the worm.
Casting: Flame Tongue
Confirm with . or Enter, or press ? or * to list all spells.
Aiming: Conjure Flame
Press: ? - help, Dir - move target cursor, p - worm You miscast Conjure Flame.
You are very lightly contaminated with residual magic.
The air around you crackles with energy!
You feel a little less agile now.
Casting: Conjure Flame
Confirm with . or Enter, or press ? or * to list all spells.
Aiming: Conjure Flame
Press: ? - help, Dir - move target cursor You miscast Conjure Flame.
You are caught in a fiery explosion!
The explosion engulfs you!
You die...

♣♣.♣ .# ♣.♣ .# ♣♣.♣ ##.
♣w♣♣ #.. ♣♣.♣ #.# ♣
♣♣.♣♣ #.# ♣. ♣..♣ ##.#
.♣ ♣..♣ #..# # .♣♣ ♣@.♣
##.## ### ♣.♣ ♣..♣ #..#
..#####.########..###.##
#.....................#
#######################


You could see a worm.

Vanquished Creatures
  A hound (D:3)
  2 adders
  A shadow imp (D:3)
  2 oozes
  A worm (D:2)
  2 orcs (D:3)
  3 bats
  A giant cockroach (D:1)
  7 hobgoblins
  7 jackals
  6 kobolds
  2 quokkas
  2 giant geckos
  3 giant newts
  3 goblins
  4 rats
47 creatures vanquished.

Notes
Turn   | Place    | Note
--------------------------------------------------------------
     0 | D:1      | FakerFangirl the Naga Fire Elementalist began the quest for the Orb.
     0 | D:1      | Reached XP level 1. HP: 15/15 MP: 3/3
   420 | D:1      | Reached XP level 2. HP: 20/22 MP: 1/5
   839 | D:1      | Learned a level 2 spell: Throw Flame
   846 | D:1      | Reached XP level 3. HP: 24/28 MP: 1/6
  1974 | D:3      | Reached XP level 4. HP: 36/36 MP: 4/7
  2104 | D:3      | Found an iron altar of Okawaru.
  2212 | D:3      | Learned a level 3 spell: Conjure Flame
  2247 | D:3      | Reached skill level 1 in Throwing
  2266 | D:3      | Reached XP level 5. HP: 11/43 MP: 2/9
  2310 | D:3      | Killed by miscasting Conjure Flame

Vault maps used:
D:1:      nicolae_arrival_washed_ashore
D:2:      old_standard_altar, first_bread
D:3:      forest_paths, okawaru_gym_becter

Action                   |  1- 3 |  4- 6 || total
-------------------------+-------+-------++-------
Melee: Short sword       |    40 |    34 ||    74
       Club              |     3 |       ||     3
 Fire: Hunting sling     |     3 |       ||     3
Throw: Stone             |    51 |    20 ||    71
 Cast: Flame Tongue      |    55 |    13 ||    68
       Throw Flame       |     2 |       ||     2
       Conjure Flame     |       |     1 ||     1
 Abil: Spit Poison       |     2 |     2 ||     4
  Use: Potion            |     1 |     1 ||     2
  Eat: Bread ration      |     1 |       ||     1
